 Dungeon Crawl Stone Soup version 0.28-a0-479-g5baa6b73be (webtiles) character file.

Game seed: 17871497030577018608

0 Gargoyl the Skirmisher (level 1, -7/23 HPs)
             Began as a Gnoll Abyssal Knight on Sept 19, 2021.
             Was a Follower of Lugonu.
             Mangled by a bone dragon (8 damage)
             ... on level 1 of the Abyss.
             The game lasted 00:00:11 (95 turns).

Gargoyl the Skirmisher (Gnoll Abyssal Knight)         Turns: 95, Time: 00:00:13

Health: -7/23      AC:  3    Str: 11    XL:     1   Next: 0%
Magic:  3/3        EV: 11    Int: 11    God:    Lugonu [*.....]
Gold:   17         SH:  0    Dex: 11    Spells: 0/0 levels left

rFire   . . .      SeeInvis .   a - +1 hand axe
rCold   . . .      Faith    .   (no shield)
rNeg    . . .      Spirit   .   b - +0 leather armour
rPois   .          Reflect  .   (no helmet)
rElec   .          Harm     .   (no cloak)
rCorr   .          Rampage  .   (no gloves)
Will    .....                   (no boots)
Stlth   +.........              (no amulet)
HPRegen 0.00/turn               (no ring)
MPRegen 0.08/turn               (no ring)

@: diseased
A: fangs 1, strong nose, distributed training
a: Renounce Religion, Depart the Abyss


You were on level 1 of the Abyss.
You worshipped Lugonu.
Lugonu was aware of your devotion.
You visited 0 branches of the dungeon, and saw 0 of its levels.
You visited the Abyss 1 time.

You collected 17 gold pieces.

Inventory:

Hand Weapons
 a - a +1 hand axe (weapon)
Armour
 b - a +0 leather armour (worn)


   Skills:
 + Level 6.4 Fighting
 + Level 0.0 Short Blades
 + Level 0.0 Long Blades
 + Level 4.4 Axes
 + Level 0.0 Maces & Flails
 + Level 0.0 Polearms
 + Level 0.0 Staves
 + Level 0.0 Slings
 + Level 0.0 Bows
 + Level 0.0 Crossbows
 + Level 0.0 Throwing
 + Level 4.4 Armour
 + Level 2.3 Dodging
 + Level 0.0 Stealth
 + Level 0.0 Shields
 + Level 0.0 Unarmed Combat
 + Level 0.0 Spellcasting
 + Level 0.0 Conjurations
 + Level 0.0 Hexes
 + Level 0.0 Summonings
 + Level 0.0 Necromancy
 + Level 0.0 Translocations
 + Level 0.0 Transmutations
 + Level 0.0 Fire Magic
 + Level 0.0 Ice Magic
 + Level 0.0 Air Magic
 + Level 0.0 Earth Magic
 + Level 0.0 Poison Magic
 + Level 4.4 Invocations
 + Level 0.0 Evocations


You couldn't memorise any spells.
You didn't know any spells.
Your spell library was empty.

Dungeon Overview and Level Annotations

Branches:
Dungeon (0/15)

Altars:


Innate Abilities, Weirdness & Mutations

You have very sharp teeth.
Your uncanny sense of smell can sniff out nearby items.
Your experience applies equally to all skills.


Message History

Welcome, Gargoyl the Gnoll Abyssal Knight.
It is said that the Orb of Zot exists deep within this dungeon.
Lugonu says: Depart the Abyss and spread corruption, my servant! (use the ability menu to exit the Abyss) Press ? for a list of commands and other information.
Found a corrupted altar of Lugonu.
No target in view!
Unknown command.
Press < or > to pray at altars.
Found a gateway leading deeper into the Abyss.
c - a coppery potion Unknown command.
You now have 17 gold pieces.
A tentacled starspawn comes into view.
It was a potion of magic.
Magic courses through your body.
Tentacles burst from the starspawn's body! 2 starspawn tentacles come into view.
The starspawn tentacle grabs you. The starspawn tentacle constricts you.
The starspawn tentacle's grasp on you weakens, but your attempt to escape fails.
The starspawn tentacle loses its grip on you.
The tentacle pulls you backwards!
A starspawn tentacle segment comes into view.
The starspawn tentacle grabs you. The starspawn tentacle constricts you.
A starspawn tentacle segment comes into view.
You escape the starspawn tentacle's grasp.
The starspawn tentacle closely misses you.
A tentacle flies out from the starspawn's body!
A starspawn tentacle comes into view.
A bone dragon comes into view.
You feel yourself growing ill in the presence of the ancient zyme.
You slash the ancient zyme!
The ancient zyme is lightly damaged.
The ancient zyme barely misses you. The ancient zyme hits you!
You feel ill. The bone dragon bites you!
* * * LOW HITPOINT WARNING * * *
The bone dragon claws you!
You die...

. ..##..##..###..≈.
###................
#.....X...#..##.
.##..##..## ..#
..##..##..### ..#
#...........# .#
............# #
..##..##D.#..# #..
#@.#..#
#......x..#...
#.........#. #.
............#.
............#
#..........#
.##......###
#......#


You could see a bone dragon, a tentacled starspawn and an ancient zyme.

Vanquished Creatures (others)
  4 starspawn tentacles (Abyss:1)
4 creatures vanquished.

Notes
Turn   | Place    | Note
-------+----------+-------------------------------------------
     0 | Abyss:1  | Gargoyl the Gnoll Abyssal Knight began the quest for the
                  | Orb.
     0 | Abyss:1  | Reached XP level 1. HP: 23/23 MP: 3/3
    66 | Abyss:1  | Noticed a tentacled starspawn
    80 | Abyss:1  | Noticed a bone dragon
    91 | Abyss:1  | Noticed an ancient zyme
    95 | Abyss:1  | HP: 1/23 [bone dragon (10)]
    95 | Abyss:1  | Mangled by a bone dragon

Illustrated notes

Levels and vault maps discovered:
Abyss:1:  base: Temple, hangedman_abyss_monster_moat, base:
Temple

Action                   || total
-------------------------++-------
Melee: Hand axe          ||     1
  Use: Potion            ||     1
Dodge: Dodged            ||     2

Table legend: (Time is in decaauts)
 A = Elapsed time spent in this place.
 B = Non-inter-level travel time spent in this place.
 C = Inter-level travel time spent in this place.
 D = Time resting spent in this place.
 E = Time spent auto-exploring this place.
 F = Levels seen in this place.
 G = Mean time per level.
                   A        B        C        D        E       F      G
               +--------+--------+--------+--------+--------+-----+--------+
         Total |     95 |     95 |      0 |      0 |     64 |   1 |   95.0 |
         Abyss |     95 |     95 |      0 |      0 |     64 |   1 |   95.0 |
               +--------+--------+--------+--------+--------+-----+--------+

Top non-repeatable levels by time:
 Abyss:1: 95 daAuts
